General information
- name: BNet
- type: Ladder team game (AT/RT)
- host: Battle.net
- saver: TIMG4STRok
map: TurtleRock
- players: 4
- length: 14:24
- speed: Fast
- version: 1.21 W3XP
- replay type:

» download(94 KB)
Players
team 1 (winner)

»
iggy_the_fisk (
yellow | 123 APM | 1764 actions | 14:23)
3 Blademaster
2 Wind Walk
1 Critical Strike
2 Shadow Hunter
1 Hex
1 Healing Wave
» actions
| Assign group hotkey | 263 | |
| Basic commands | 6 | |
| Build / train | 48 | |
| Enter build submenu | 11 | |
| Enter hero's abilities submenu | 5 | |
| Give item / drop item | 1 | |
| Right click | 951 | |
| Select / deselect | 204 | |
| Select group hotkey | 177 | |
| Use ability | 98 | |
1764 total
» units
| Peon | 7 | |
| Grunt | 8 | |
| Raider | 5 | |
| Spirit Walker | 4 | |
| Shaman | 1 | |
25 total
» upgrades
| Berserker Strength | 1 | |
| Ensnare | 1 | |
| Spirit Walker Training | 1 | |
| Pillage | 1 | |
4 total
» buildings
| Altar of Storms | 1 | |
| Orc Burrow | 4 | |
| Barracks | 1 | |
| Voodoo Lounge | 1 | |
| Stronghold | 1 | |
| Beastiary | 1 | |
| Spirit Lodge | 1 | |
| War Mill | 1 | |
| Fortress | 1 | |
12 total
» build order
00:04 Altar of Storms
00:19 Orc Burrow
00:34 Barracks
01:26 Voodoo Lounge
01:50 Orc Burrow
02:43 Stronghold
04:56 Orc Burrow
05:42 Beastiary
05:45 Spirit Lodge
09:36 Orc Burrow
09:44 War Mill
11:53 Fortress
» items
| Healing Salve | 4 | |
| Lesser Clarity Potion | 2 | |
| Scroll of Town Portal | 1 | |
7 total

»
TIMG4STRok (
blue | 140 APM | 2023 actions | 14:24)
4 Demon Hunter
2 Mana Burn
2 Evasion
3 Keeper of the Grove
2 Entangling Roots
1 Thorns Aura
» actions
| Assign group hotkey | 18 | |
| Basic commands | 51 | |
| Build / train | 44 | |
| ESC pressed | 3 | |
| Enter build submenu | 17 | |
| Enter hero's abilities submenu | 7 | |
| Give item / drop item | 2 | |
| Right click | 1118 | |
| Select / deselect | 149 | |
| Select group hotkey | 550 | |
| Use ability | 64 | |
2023 total
» units
| Wisp | 16 | |
| Huntress | 4 | |
| Dryad | 2 | |
| Druid of the Claw | 2 | |
24 total
» upgrades
| Abolish Magic | 1 | |
| Druid of the Claw Training | 2 | |
| Ultravision | 1 | |
| Strength of the Wild | 1 | |
| Reinforced Hides | 1 | |
6 total
» buildings
| Altar of Elders | 1 | |
| Moon Well | 9 | |
| Hunter's Hall | 1 | |
| Ancient of War | 1 | |
| Tree of Ages | 1 | |
| Ancient of Lore | 4 | |
| Ancient of Wonders | 1 | |
| Tree of Eternity | 1 | |
19 total
» build order
00:04 Altar of Elders
00:19 Moon Well
01:29 Hunter's Hall
01:49 Ancient of War
02:05 Moon Well
03:20 Moon Well
03:25 Moon Well
04:04 Tree of Ages
04:20 Moon Well
06:06 Moon Well
06:29 Ancient of Lore
06:29 Ancient of Lore
06:34 Ancient of Wonders
07:43 Ancient of Lore
08:32 Ancient of Lore
10:23 Tree of Eternity
11:14 Moon Well
12:07 Moon Well
12:10 Moon Well
» items
| Staff of Preservation | 1 | |
| Potion of Healing | 1 | |
2 total
team 2 (loser)

»
pz.show (
red | 130 APM | 1868 actions | 14:19)
2 Blademaster
1 Wind Walk
1 Critical Strike
2 Tauren Chieftain
1 Shockwave
1 Endurance Aura
» actions
| Assign group hotkey | 24 | |
| Basic commands | 87 | |
| Build / train | 53 | |
| Enter build submenu | 10 | |
| Enter hero's abilities submenu | 4 | |
| Give item / drop item | 2 | |
| Remove unit from queue | 1 | |
| Right click | 746 | |
| Select / deselect | 338 | |
| Select group hotkey | 541 | |
| Use ability | 62 | |
1868 total
» units
| Peon | 8 | |
| Grunt | 7 | |
| Raider | 7 | |
| Troll Witch Doctor | 3 | |
25 total
» upgrades
| Berserker Strength | 1 | |
| Ensnare | 1 | |
| Witch Doctor Training | 1 | |
3 total
» buildings
| Altar of Storms | 1 | |
| Orc Burrow | 5 | |
| Barracks | 1 | |
| Voodoo Lounge | 1 | |
| Stronghold | 3 | |
| Spirit Lodge | 1 | |
| Beastiary | 1 | |
| Fortress | 1 | |
14 total
» build order
00:05 Altar of Storms
00:15 Orc Burrow
00:37 Barracks
01:34 Orc Burrow
02:31 Orc Burrow
02:45 Voodoo Lounge
03:14 Stronghold
03:14 Stronghold
06:06 Spirit Lodge
06:09 Beastiary
06:11 Orc Burrow
09:35 Orc Burrow
13:06 Fortress
» items
| Healing Salve | 3 | |
| Lesser Clarity Potion | 4 | |
| Scroll of Speed | 2 | |
| Potion of Healing | 2 | |
| Boots of Speed | 1 | |
12 total

»
pz.timbo (
orange | 78 APM | 1129 actions | 14:23)
2 Archmage
1 Summon Water Elemental
1 Brilliance Aura
1 Mountain King
1 Storm Bolt
» actions
| Assign group hotkey | 23 | |
| Basic commands | 91 | |
| Build / train | 49 | |
| Enter build submenu | 21 | |
| Enter hero's abilities submenu | 4 | |
| Right click | 510 | |
| Select / deselect | 278 | |
| Select group hotkey | 106 | |
| Use ability | 47 | |
1129 total
» units
| Peasant | 10 | |
| Footman | 17 | |
| Priest | 2 | |
| Sorceress | 2 | |
31 total
» upgrades
» buildings
| Altar of Kings | 1 | |
| Barracks | 1 | |
| Farm | 8 | |
| Scout Tower | 3 | |
| Arcane Tower | 1 | |
| Lumber Mill | 1 | |
| Arcane Vault | 2 | |
| Keep | 1 | |
| Guard Tower | 2 | |
| Arcane Sanctum | 2 | |
| Castle | 1 | |
23 total
» build order
00:08 Altar of Kings
00:20 Barracks
00:36 Farm
00:51 Farm
01:38 Scout Tower
01:52 Farm
02:18 Arcane Tower
02:41 Farm
03:01 Lumber Mill
03:39 Arcane Vault
04:48 Scout Tower
05:18 Keep
05:26 Guard Tower
06:06 Arcane Vault
06:43 Scout Tower
07:14 Guard Tower
08:08 Arcane Sanctum
08:28 Farm
10:33 Farm
10:48 Farm
12:32 Arcane Sanctum
12:49 Farm
13:50 Castle
» items
| Scroll of Regeneration | 1 | |
| Lesser Clarity Potion | 3 | |
| Potion of Healing | 1 | |
| Potion of Mana | 1 | |
| Scroll of Town Portal | 1 | |
7 total
Chat log
(00:08 / All) TIMG4STRok: gl hf
(00:10 / All) pz.show: u2
(00:13 / All) pz.timbo: u2
(00:22 / All) TIMG4STRok: no hacks please
(00:27 / All) pz.show: cant promise
(00:30 / All) TIMG4STRok: damn
(00:35 / All) pz.show: i are 1337 hacker
(13:55 / All) pz.show: gg